 Dungeon Crawl Stone Soup version 0.30-a0-50-gb2d611f6b1 (webtiles) character file.

Game seed: 6612434546782557498

20 brainsironically the Cudgeller (level 2, 0/27 HPs)
             Began as a Minotaur Berserker on Sept 4, 2022.
             Was a Follower of Trog.
             Slain by a goblin
             ... wielding a +0 dagger
              (2 damage)
             ... on level 1 of the Dungeon.
             The game lasted 00:09:48 (619 turns).

brainsironically the Cudgeller (Minotaur Berserker)  Turns: 619, Time: 00:09:49

Health: 0/27       AC:  2    Str: 21    XL:     2   Next: 58%
Magic:  1/1        EV: 12    Int:  4    God:    Trog [*.....]
Gold:   80         SH:  5    Dex:  9    Spells: 1/1 levels left

rFire   . . .      SeeInvis .    (no weapon)
rCold   . . .      Faith    .    (no shield)
rNeg    . . .      Spirit   .    b - +0 animal skin
rPois   .          Reflect  +    (helmet restricted)
rElec   .          Harm     .    (no cloak)
rCorr   .          Rampage  .    (no gloves)
Will    .....                    (no boots)
Stlth   +.........               d - amulet of reflection
HPRegen 0.09/turn                (no ring)
MPRegen 0.07/turn                (no ring)

@: no status effects
A: horns 2, retaliatory headbutt
a: Renounce Religion, Berserk


You were on level 1 of the Dungeon.
You worshipped Trog.
Trog was aware of your devotion.
You visited 1 branch of the dungeon, and saw 1 of its levels.

You collected 80 gold pieces.

Inventory:

Armour
 b - a +0 animal skin (worn)
Jewellery
 d - an amulet of reflection (around neck)
Scrolls
 c - a scroll of magic mapping


   Skills:
 + Level 3.9 Fighting
 + Level 4.3 Maces & Flails
 + Level 2.6 Armour
 + Level 2.3 Dodging


You had one spell level left.
You didn't know any spells.
Your spell library was empty.

Dungeon Overview and Level Annotations

Branches:
Dungeon (1/15)

Altars:


Innate Abilities, Weirdness & Mutations

You have a pair of horns on your head.
You reflexively headbutt those who attack you in melee.


Message History

You are frozen.
You barely miss the endoplasm.
The endoplasm is moderately wounded.
The endoplasm freezes you.
You are frozen.
You thump the endoplasm!
You kill the endoplasm!
Trog accepts your kill.
You see here a +0 short sword of speed.
You are now empty-handed.
You drop a +0 mace.
A ball python comes into view.
The ball python hisses angrily.
The ball python bites you. The ball python barely misses you.
A goblin comes into view.
It is wielding a +0 dagger and quivering poisoned darts.
The ball python misses you. You block the ball python's attack.
You closely miss the ball python. The ball python bites you.
The ball python misses you.
You hit the ball python.
You kill the ball python!
Trog accepts your kill.
The goblin throws a poisoned dart.
The poisoned dart hits you.
You are poisoned.
You feel sick.
You see here a ball python corpse.
You feel sick.
Found 7 stones.
You feel sick. The goblin hits you with a +0 dagger.
* * * LOW HITPOINT WARNING * * *
You hit the goblin.
The goblin is severely wounded.
You feel sick. The goblin hits you with a +0 dagger.
* * * LOW HITPOINT WARNING * * *
You hit the goblin.
The goblin is almost dead.
You feel sick.
You are no longer poisoned.
You block the goblin's attack.
You closely miss the goblin.
The goblin is severely wounded.
The goblin hits you with a +0 dagger.
You die...

################ *****
#..)...........# ****,,,*
#.#####..####..#**,,....*
#.# #..###...##...#...*
#.#####..##..@g.....##.#*
#.##....>..†...##...##.#
#.##.##..####..#****##.#
#.##.##..####..# #.#
#...........(..#
#####.####
####.########'##
#........# #.#
##...###.###.##.# ####.#
##.....##.# #....# #....#
##.......#.# ##...#


You could see a goblin.

Vanquished Creatures
  A dart slug (D:1)
  3 endoplasms (D:1)
  A goblin (D:1)
  4 hobgoblins (D:1)
  A quokka (D:1)
  A ball python (D:1)
  A bat (D:1)
  2 kobolds (D:1)
  2 rats (D:1)
16 creatures vanquished.

Notes
Turn   | Place    | Note
-------+----------+-------------------------------------------
     0 | D:1      | brainsironically the Minotaur Berserker began the quest for
                  | the Orb.
     0 | D:1      | Reached XP level 1. HP: 19/19 MP: 0/0
   337 | D:1      | Reached skill level 4 in Maces & Flails
   337 | D:1      | Reached XP level 2. HP: 16/27 MP: 1/1
   619 | D:1      | Slain by a goblin

Illustrated notes

Levels and vault maps discovered:
D:1:      grunt_arrival_crossed_arrows, layout_loops_corners

Skill      XL: |  1 |
---------------+----+-----
Maces & Flails | 4 |  4.3
Fighting       | |  3.9
Armour         | |  2.6
Dodging        | |  2.3

Action                   || total
-------------------------++-------
Melee: Mace              ||    27
       Headbutt          ||     3
       Unarmed           ||     5
  Use: Scroll            ||     2
       Potion            ||     1
Armor: Animal skin       ||     4
Dodge: Dodged            ||    19
Block: Other             ||     3

Table legend: (Time is in decaauts)
 A = Elapsed time spent in this place.
 B = Non-inter-level travel time spent in this place.
 C = Inter-level travel time spent in this place.
 D = Time resting spent in this place.
 E = Time spent auto-exploring this place.
 F = Levels seen in this place.
 G = Mean time per level.
                   A        B        C        D        E       F      G
               +--------+--------+--------+--------+--------+-----+--------+
         Total |    624 |    115 |    509 |      0 |      0 |   1 |  624.0 |
       Dungeon |    624 |    115 |    509 |      0 |      0 |   1 |  624.0 |
               +--------+--------+--------+--------+--------+-----+--------+

Top non-repeatable levels by time:
     D:1: 624 daAuts
